 Dungeon Crawl Stone Soup version 0.19-a0-1120-g42b7146 (webtiles) character file.

30060 Sixotanaka the Fencer (level 13, -12/105 HPs)
             Began as a Minotaur Gladiator on Aug 11, 2016.
             Was a High Priest of Hepliaklqana.
             Killed from afar by a lindwurm (18 damage)
             ... with a blast of flame
             ... on level 5 of the Lair of Beasts.
             The game lasted 00:39:41 (15825 turns).

Sixotanaka the Fencer (Minotaur Gladiator)         Turns: 15825, Time: 00:39:41

Health: -12/105    AC: 20    Str: 25    XL:     13   Next: 18%
Magic:  12/12      EV: 12    Int: 14    God:    Hepliaklqana [*****.]
Gold:   1019       SH:  0    Dex: 22    Spells: 0 memorised, 12 levels left

rFire  . . .     SeeInvis .     b - +9 quarterstaff "Poninoni" {crush, rC+}
rCold  + . .     Gourm    .     d - +0 plate armour
rNeg   . . .     Faith    .     (shield currently unavailable)
rPois  .         Spirit   .     s - +2 hat
rElec  .         Dismiss  .     (no cloak)
rCorr  .         Reflect  .     h - +0 pair of gloves
SustAt .         Harm     +     w - +0 pair of boots
MR     .....                    c - amulet of harm
Stlth  ..........               O - ring of the Salmon {+Fly Int+4}
                                S - ring "Tyving" {*Corrode Str+4 Int+5 Dex+7}

@: drained
A: retaliatory headbutt, horns 2
a: Recall Ancestor, Ancestor Identity, Transference, Idealise, Renounce
Religion, Evoke Flight


You were on level 5 of the Lair of Beasts.
You worshipped Hepliaklqana.
Hepliaklqana was extremely pleased with you.
You were hungry.

You visited 3 branches of the dungeon, and saw 18 of its levels.
You also visited: Labyrinth, Sewer and Ossuary.

You collected 1061 gold pieces.
You spent 42 gold pieces at shops.


Innate Abilities, Weirdness & Mutations

You reflexively headbutt those who attack you in melee.
You have a pair of horns on your head.


   Skills:
 - Level 7.4(6.9) Fighting
 * Level 19.9(19.2) Long Blades
 - Level 2.0(1.5) Throwing
 + Level 12.4(11.8) Armour
 - Level 7.5(6.9) Dodging
 + Level 0.0 Invocations


You had 12 spell levels left.
You didn't know any spells.

Dungeon Overview and Level Annotations

Branches:
Dungeon (12/15)            Temple (1/1) D:5            Lair (5/6) D:11
  Swamp (0/4) Lair:2        Snake (0/4) Lair:4          Orc (0/2) D:9
  Slime: Lair:5-6

Altars:
Ashenzari
Dithmenos
Elyvilon
Gozag
Hepliaklqana
Kikubaaqudgha
Okawaru
Qazlal
Ru
Sif Muna
Vehumet
Xom
Yredelemnul

Shops:
D:5 ?

Annotations:
D:12 whatthexom's ghost, journeyman HaAs

Inventory:

Hand Weapons
 a - a +3 great sword
   (You took it off a wight on level 10 of the Dungeon)
 b - the +9 quarterstaff "Poninoni" (weapon) {crush, rC+}
   (You found it on level 8 of the Dungeon)

   It inflicts extra damage upon your enemies.
   It protects you from cold.
 P - a +0 blowgun
   (You took it off a kobold on level 10 of the Dungeon)
Missiles
 i - 36 tomahawks (quivered)
 q - 14 curare-tipped needles
 u - 2 exploding tomahawks
 C - 2 throwing nets {!f}
Armour
 d - a +0 plate armour (worn)
   (You took it off an orc warrior on level 9 of the Dungeon)
 h - a +0 pair of gloves (worn)
   (You found it on level 4 of the Dungeon)
 s - a +2 hat (worn)
   (You found it on level 2 of the Dungeon)
 w - a +0 pair of boots (worn)
   (You found it on level 3 of the Dungeon)
 G - the -4 cloak of Impou {rC+ Str+3}
   (You found it on level 5 of the Lair of Beasts)

   It affects your strength (+3).
   It protects you from cold.
Rods
 e - a +0 iron rod (12/12)
   (You found it in a labyrinth)
Jewellery
 c - an amulet of harm (around neck)
   (You found it on level 11 of the Dungeon)
 B - an uncursed ring of see invisible
   (You found it in a labyrinth)
 H - an uncursed amulet of guardian spirit
   (You found it in a labyrinth)
 O - the ring of the Salmon (right hand) {+Fly Int+4}
   (You found it in a labyrinth)

   [ring of flight]

   It affects your intelligence (+4).
   It lets you fly.
 S - the ring "Tyving" (left hand) {*Corrode Str+4 Int+5 Dex+7}
   (You found it in a labyrinth)

   [ring of intelligence]

   It affects your strength (+4).
   It affects your intelligence (+5).
   It affects your dexterity (+7).
   It may corrode you when you take damage.
 U - an uncursed ring of protection from magic
   (You found it on level 7 of the Dungeon)
Wands
 g - a wand of iceblast (7/15)
   (You found it on level 4 of the Lair of Beasts)
 n - a wand of digging (9/24)
   (You found it on level 10 of the Dungeon)
 J - a wand of acid (4/15)
   (You found it on level 9 of the Dungeon)
 R - a wand of lightning (7/15)
   (You found it on level 7 of the Dungeon)
Scrolls
 r - 3 scrolls of enchant armour
 v - 2 scrolls of noise {unknown}
 x - a scroll of immolation {unknown}
 y - 2 scrolls of blinking
 z - a scroll of fear {unknown}
 A - 7 scrolls of teleportation {@r4}
 E - 3 scrolls of remove curse {@r2}
 I - 5 scrolls of recharging
 L - a scroll of holy word {unknown}
 M - 3 scrolls of amnesia
 Z - 3 scrolls of summoning
Potions
 j - 2 potions of magic
 k - 4 potions of ambrosia
 l - 4 potions of flight
 m - a potion of lignification {unknown}
 o - 6 potions of curing {@q1}
 p - a potion of invisibility {unknown}
 D - a potion of heal wounds {@q2}
 F - 2 potions of might
 K - a potion of experience {unknown}
 Q - 2 potions of brilliance {unknown}
 T - a potion of haste {@q3}
 V - a potion of resistance {unknown}
 W - a potion of berserk rage {unknown}
 Y - 2 potions of cancellation
Comestibles
 f - 8 bread rations {@e1}
 t - 7 meat rations {@e2}
 N - 4 beef jerkies

#........##.# #
##......#.# ##
#P#.......###
..P......## ......(...#
##.#..†..## .#....†..##
#.#.#..D..#
##.#...†@.###
##.#.:.k...## ..
##.#........### ...#
##.#...........#
.y.#.##.#.#†..........#
....#$.#.#.†#......#...
.....##.#††##.....## ..
.....((..††.##...##
........††..##.....


You could see an eight-headed hydra and a lindwurm.


Message History

Evoking this partially-identified wand wasted a few charges.
Okay, then.
You closely miss the hippogriff. The lindwurm breathes flames at you.
The blast of flame misses you. The hippogriff closely misses you.
The hippogriff pecks you but does no damage.
The hippogriff claws you but does no damage.
You slash the hippogriff! You headbutt the hippogriff.
Xochitl completely misses the eight-headed hydra.
The hippogriff bites you.
* * * LOW HITPOINT WARNING * * *
The hippogriff misses you. The hippogriff barely misses you.
You completely miss the hippogriff. You headbutt the hippogriff!
You kill the hippogriff!
The eight-headed hydra bites Xochitl!
The eight-headed hydra bites Xochitl. x2
The eight-headed hydra bites Xochitl! x2
Xochitl is destroyed!
The killer bee misses you. You furiously retaliate!
You headbutt the killer bee, but do no damage.
You riposte.
You slash the killer bee!
You kill the killer bee!
You feel much better.
Okay, then.
Wield which item (- for none, * to show all)? (? for menu, Esc to quit)
b - the +9 quarterstaff "Poninoni" (weapon)
{crush, rC+}
Okay, then.
Aim: an eight-headed hydra (moderately wounded, covered in acid)
Okay, then.
That item cannot be evoked!
Unknown command.
Aim: an eight-headed hydra (moderately wounded, covered in acid)
The bolt of acid hits the eight-headed hydra.
The acid corrodes the eight-headed hydra!
Evoking this partially-identified wand wasted a few charges.
You sock the eight-headed hydra! The eight-headed hydra bites you.
The eight-headed hydra bites you!
* * * LOW HITPOINT WARNING * * *
The eight-headed hydra bites you!
* * * LOW HITPOINT WARNING * * *
The eight-headed hydra bites you!
* * * LOW HITPOINT WARNING * * *
The eight-headed hydra barely misses you.
The eight-headed hydra bites you but does no damage.
The eight-headed hydra bites you!
* * * LOW HITPOINT WARNING * * *
The eight-headed hydra bites you.
* * * LOW HITPOINT WARNING * * *
The lindwurm breathes flames at you. The blast of flame hits you!
You die...

Vault maps used:
D:1:      minmay_arrival_open_corners, st_stairs_11
D:2:      first_bread, minmay_tiny_reverse_x
D:3:      nicolae_gozag_seed_capital, lemuel_crystal_altar, ecumenical_altar_2,
          dk_noncrumbling_3
D:4:      nicolae_overflow_hidden_temple, kennysheep_generic_room_2,
          uniq_edmund, uniq_blork_the_orc, uniq_pikel, uniq_robin
D:5:      enter_ossuary_1, serial_shops, shop
D:6:      gammafunk_temple_overflow_elements, gup_sewer_entry_bubbles
D:7:      kennysheep_six_static_rooms, basic_altar
D:9:      orc_0_dummy, uniq_prince_ribbit1, uniq_joseph
D:11:     lair_0_dummy
Temple:   dshaligram_water_room_temple
Lair:2:   minmay_swamp_entry_worms, serial_bayou_shore_a,
          infiniplex_staircase_pool, grunt_megastairs_4
Lair:4:   minmay_snake_entry_guardpost_large
Lair:5:   regret_index_bee_streams, lab_entry_generic, bh_autumn_forest_stairs
Lab:      labyrinth_hidden_loot, nicolae_lab_statue, nicolae_lab_hexagon,
          labyrinth_skeletal_remains, nicolae_lab_plus
Sewer:    sewer_co_scattered_pipes
Ossuary:  ossuary_due_pyramid

Vanquished Creatures
  A minotaur (Lab)
  5 hydras
  The ghost of Guenter the Cleaver, a journeyman FoFi of Okawaru (D:11)
  An unseen horror (D:11)
  3 hill giants (D:11)
  A lindwurm (Lair:5)
  Pikel (D:4)
  A manticore (D:11)
  2 ugly things
  3 elephants (Lair:4)
  A black mamba (Lair:5)
  Joseph (D:9)
  4 gargoyles (Lab)
  4 spiny frogs
  2 rime drakes (Lair:5)
  3 komodo dragons
  3 giant leeches (Lair:2)
  Prince Ribbit (D:9)
  6 blink frogs
  2 wyverns
  9 yaks
  4 hippogriffs
  A basilisk (Lair:3)
  A hungry ghost (D:9)
  Menkaure (Ossuary)
  Edmund (D:4)
  7 nagas (Lair:4)
  A swamp worm (Lair:2)
  6 water moccasins
  4 orc warriors
  8 porcupines
  6 sky beasts
  5 ice beasts
  2 slaves (D:4)
  7 ogres
  A phantom (D:8)
  7 wolves
  4 crocodiles
  A big kobold (D:10)
  3 centaurs
  Blork the orc (D:4)
  7 giant frogs
  5 scorpions
  23 killer bees
  15 wights
  7 crimson imps
  3 howler monkeys
  A centaur zombie (D:10)
  A quasit (D:9)
  A hound (D:6)
  7 orc priests
  2 centaur skeletons
  3 giant frog skeletons
  4 jellies
  9 orc wizards
  10 iguanas
  13 worker ants
  6 sheep (Lair:2)
  A hound skeleton (D:5)
  3 mummies (Ossuary)
  A worker ant zombie (D:10)
  Robin (D:4)
  10 gnolls
  A howler monkey skeleton (D:11)
  15 adders
  30 river rats
  4 shadow imps
  3 oozes
  2 adder skeletons
  An adder zombie (D:10)
  A dart slug (D:2)
  11 giant geckos
  60 orcs
  8 ball pythons
  2 giant cockroaches
  4 gnoll zombies (Ossuary)
  19 goblins
  13 hobgoblins
  14 jackals
  17 kobolds
  5 quokkas
  5 bats
  2 giant gecko skeletons
  7 giant newts
  6 gnoll skeletons (Ossuary)
  3 goblin skeletons (Ossuary)
  5 goblin zombies (Ossuary)
  4 hobgoblin skeletons (Ossuary)
  5 hobgoblin zombies (Ossuary)
  A jackal skeleton (D:5)
  A kobold skeleton (Ossuary)
  3 kobold zombies (Ossuary)
  4 orc skeletons (Ossuary)
  3 orc zombies (Ossuary)
  3 quokka zombies
  5 rats
  A rat skeleton (Ossuary)
  3 rat zombies (Ossuary)
530 creatures vanquished.

Vanquished Creatures (collateral kills)
  A yak (Lair:5)
  An orc warrior (D:10)
  A black bear (D:9)
  A wolf (Lair:4)
  An ogre (D:9)
  A giant frog (Lair:3)
  A killer bee (D:11)
  A hound (D:9)
  4 orc wizards
  A giant frog skeleton (D:7)
  2 worker ants (D:11)
  An adder (Sewer)
  A giant gecko (D:6)
  6 orcs
  A ball python (Sewer)
  2 kobolds
26 creatures vanquished.

Vanquished Creatures (others)
  3 hexers
  A gnoll skeleton (Ossuary)
  2 goblin skeletons (Ossuary)
  A hobgoblin skeleton (Ossuary)
  A hobgoblin zombie (Ossuary)
  A kobold skeleton (Ossuary)
  A rat skeleton (Ossuary)
  A rat zombie (Ossuary)
  4 fungi
15 creatures vanquished.

Grand Total: 571 creatures vanquished

Table legend:
 A = Turns spent in this place as a percentage of turns spent in the entire game.
 B = Non-inter-level travel turns spent in this place as a percentage of non-inter-level travel turns spent in the entire game.
 C = Inter-level travel turns spent in this place as a percentage of turns spent in this place.
 D = Turns resting spent in this place as a percentage of non-inter-level travel turns spent in this place.
 E = Turns spent auto-exploring this place as a percentage of non-inter-level travel turns spent in this place.
 F = Non-inter-level travel turns spent in this place divided by the number of levels of this place that you've seen.
                   A       B       C       D       E      F
               +-------+-------+-------+-------+-------+----------------------
         Total | 100.0 | 100.0 |   0.4 |   2.0 |  14.1 | 251.1
       Dungeon |  65.2 |  65.2 |   0.5 |   2.4 |  16.5 | 286.3
        Temple |   0.2 |   0.2 |  10.0 |   0.0 |   0.0 |   9.0
          Lair |  22.9 |  22.9 |   0.3 |   1.3 |  11.1 | 241.8
     Labyrinth |   3.6 |   3.6 |   0.0 |   3.2 |   0.0 | 190.0
         Sewer |   3.2 |   3.2 |   0.0 |   0.0 |  16.7 | 168.0
       Ossuary |   4.9 |   4.9 |   0.0 |   0.0 |   5.4 | 261.0
               +-------+-------+-------+-------+-------+----------------------

Table legend:
 A = Kills in this place as a percentage of kills in entire the game.
 B = Kills by you in this place as a percentage of kills by you in the entire game.
 C = Kills by friends in this place as a percentage of kills by friends in the entire game.
 D = Other kills in this place as a percentage of other kills in the entire game.
 E = Experience gained in this place as a percentage of experience gained in the entire game.
 F = Experience gained in this place divided by the number of levels of this place that you have seen.
                   A       B       C       D       E      F
               +-------+-------+-------+-------+-------+----------------------
         Total | 100.0 | 100.0 | 100.0 | 100.0 | 100.0 | 2044.9
       Dungeon |  63.3 |  62.7 |  76.9 |   0.0 |  41.6 | 1487.4
          Lair |  24.2 |  24.7 |  11.5 | 100.0 |  51.6 | 4428.2
     Labyrinth |   0.9 |   1.0 |   0.0 |   0.0 |   6.4 | 2747.0
         Sewer |   4.0 |   3.6 |  11.5 |   0.0 |   0.1 |  49.0
       Ossuary |   7.6 |   8.0 |   0.0 |   0.0 |   0.4 | 157.0
               +-------+-------+-------+-------+-------+----------------------

Notes
Turn   | Place    | Note
-------+----------+-------------------------------------------
     0 | D:1      | Sixotanaka the Minotaur Gladiator began the quest for the Orb.
     0 | D:1      | Reached XP level 1. HP: 18/18 MP: 0/0
    85 | D:1      | Reached skill level 4 in Long Blades
    90 | D:1      | Reached XP level 2. HP: 25/25 MP: 1/1
   332 | D:1      | Reached skill level 5 in Long Blades
   506 | D:1      | Reached XP level 3. HP: 30/30 MP: 2/2
  1026 | D:2      | Reached XP level 4. HP: 37/37 MP: 3/3
  1053 | D:2      | Reached skill level 6 in Long Blades
  1387 | D:3      | Found a white marble altar of Elyvilon.
  1548 | D:3      | Found an opulent altar of Gozag.
  1596 | D:3      | Found a faded altar of an unknown god.
  1614 | D:3      | Reached XP level 5. HP: 34/42 MP: 4/4
  1624 | D:3      | Reached skill level 7 in Long Blades
  2446 | D:3      | Reached skill level 8 in Long Blades
  2557 | D:4      | Reached XP level 6. HP: 50/50 MP: 5/5
  2581 | D:4      | Noticed Robin
  2609 | D:4      | Killed Robin
  2666 | D:4      | Noticed Edmund
  2689 | D:4      | Killed Edmund
  2689 | D:4      | Reached skill level 9 in Long Blades
  2713 | D:4      | Found an iron altar of Okawaru.
  2730 | D:4      | Reached XP level 7. HP: 39/56 MP: 6/6
  2837 | D:4      | Found a sacrificial altar of Ru.
  2977 | D:4      | Reached skill level 10 in Long Blades
  3077 | D:4      | Noticed Blork the orc
  3104 | D:4      | Killed Blork the orc
  3578 | D:4      | Noticed Pikel
  3690 | D:4      | Killed Pikel
  3690 | D:4      | Reached skill level 12 in Long Blades
  3690 | D:4      | Reached XP level 8. HP: 44/62 MP: 7/7
  3734 | D:5      | Entered Level 5 of the Dungeon
  3785 | D:5      | RObusticles: sup
  3793 | D:5      | Found a sand-covered staircase.
  3804 | D:5      | Sixotanaka: hi
  3805 | Ossuary  | Entered an ossuary
  3995 | Ossuary  | RObusticles: dont think i have come across an ossuary yet
  4051 | Ossuary  | Noticed Menkaure
  4059 | Ossuary  | Killed Menkaure
  4184 | D:5      | Reached skill level 13 in Long Blades
  4201 | D:5      | Found Iryguofo's Magic Scroll Shop.
  4218 | D:5      | Bought a scroll of teleportation for 42 gold pieces
  4475 | D:5      | Found a staircase to the Ecumenical Temple.
  4484 | Temple   | Entered the Ecumenical Temple
  4504 | Temple   | Became a worshipper of Hepliaklqana
  5022 | D:6      | Found a glowing drain.
  5032 | Sewer    | Entered a sewer
  5588 | D:6      | Reached XP level 9. HP: 60/68 MP: 8/8
  5599 | D:6      | Reached * piety under Hepliaklqana
  5641 | D:6      | Found a shadowy altar of Dithmenos.
  5641 | D:6      | Found a basalt altar of Yredelemnul.
  5731 | D:6      | Reached skill level 14 in Long Blades
  6436 | D:7      | Noticed a purple ugly thing
  6450 | D:7      | Killed a purple ugly thing
  6450 | D:7      | Reached skill level 15 in Long Blades
  6874 | D:7      | Found a stormy altar of Qazlal.
  6893 | D:7      | Reached skill level 3 in Fighting
  7086 | D:8      | Reached skill level 4 in Fighting
  7142 | D:8      | Reached skill level 5 in Fighting
  7164 | D:8      | Got a jewelled quarterstaff
  7165 | D:8      | Identified the +9 quarterstaff "Poninoni" {crush, rC+} (You found it on level 8 of the Dungeon)
  7360 | D:8      | Reached skill level 6 in Fighting
  7757 | D:9      | Reached ** piety under Hepliaklqana
  7792 | D:9      | Reached skill level 7 in Fighting
  7792 | D:9      | Reached XP level 10. HP: 86/86 MP: 9/9
  7801 | D:9      | Noticed Prince Ribbit
  7921 | D:9      | Found a staircase to the Orcish Mines.
  8115 | D:9      | Reached skill level 4 in Dodging
  8204 | D:9      | HP: 18/86 [orc warrior/short sword (6)]
  8206 | D:9      | Reached skill level 5 in Dodging
  8508 | D:9      | Remembered your ancestor Xochitl as a hexer
  8549 | D:9      | Killed Prince Ribbit
  8549 | D:9      | Reached skill level 6 in Dodging
  8685 | D:9      | Noticed Joseph
  8708 | D:9      | Killed Joseph
  8708 | D:9      | Reached skill level 7 in Dodging
  8810 | D:9      | Reached skill level 1 in Armour
  9039 | D:10     | Entered Level 10 of the Dungeon
  9076 | D:10     | Reached skill level 2 in Armour
  9119 | D:10     | Reached skill level 3 in Armour
  9181 | D:10     | Reached skill level 4 in Armour
  9186 | D:10     | HP: 21/86 [ogre/giant club (15)]
  9571 | D:10     | Reached skill level 5 in Armour
  9806 | D:10     | Reached skill level 6 in Armour
 10216 | D:11     | Reached skill level 7 in Armour
 10418 | D:11     | Found a staircase to the Lair.
 10538 | D:11     | Reached XP level 11. HP: 86/92 MP: 10/10
 10547 | D:11     | Killed an unseen horror
 10574 | D:11     | Noticed a hill giant
 10576 | D:11     | Reached *** piety under Hepliaklqana
 10581 | D:11     | Killed a hill giant
 10623 | D:11     | Noticed Guenter's ghost (journeyman FoFi)
 10631 | D:11     | Reached skill level 16 in Long Blades
 10654 | D:12     | Reached skill level 8 in Armour
 10671 | D:12     | Noticed whatthexom's ghost (journeyman HaAs)
 10686 | D:11     | Killed Guenter's ghost
 10981 | D:11     | Noticed a hill giant
 10984 | D:11     | Noticed a brown ugly thing
 10987 | D:11     | Noticed a hill giant
 10989 | D:11     | Killed a hill giant
 10992 | D:11     | Killed a brown ugly thing
 10997 | D:11     | Killed a hill giant
 11090 | D:11     | Reached skill level 9 in Armour
 11599 | Lair:1   | Entered Level 1 of the Lair of Beasts
 11599 | Lair:1   | Noticed an eight-headed hydra
 11639 | Lair:2   | Reached skill level 17 in Long Blades
 11841 | Lair:2   | Noticed a five-headed hydra
 11898 | Lair:2   | Killed a five-headed hydra
 12238 | Lair:2   | Reached **** piety under Hepliaklqana
 12347 | Lair:2   | Found a staircase to the Swamp.
 12452 | Lair:2   | Reached skill level 10 in Armour
 12631 | Lair:3   | Reached XP level 12. HP: 97/100 MP: 11/11
 13495 | Lair:4   | Reached skill level 18 in Long Blades
 13520 | Lair:4   | Noticed a four-headed hydra
 13526 | Lair:4   | Killed a four-headed hydra
 13853 | Lair:4   | Noticed a five-headed hydra
 13859 | Lair:4   | Killed a five-headed hydra
 13880 | Lair:4   | Reached skill level 11 in Armour
 13964 | Lair:4   | Reached ***** piety under Hepliaklqana
 14080 | Lair:4   | Found a staircase to the Snake Pit.
 14318 | Lair:4   | Noticed a six-headed hydra
 14326 | Lair:4   | Killed a six-headed hydra
 14331 | Lair:4   | Reached skill level 19 in Long Blades
 14937 | Lair:5   | Noticed a six-headed hydra
 14952 | Lair:5   | HP: 22/100 [six-headed hydra (4)]
 14952 | Lair:5   | HP: 9/100 [six-headed hydra (6)]
 14952 | Lair:5   | HP: 4/100 [six-headed hydra (1)]
 14955 | Lair:5   | Killed a six-headed hydra
 15085 | Lair:5   | Found a labyrinth entrance.
 15093 | Lab      | Entered a labyrinth
 15334 | Lab      | Reached skill level 12 in Armour
 15485 | Lab      | Noticed a minotaur
 15490 | Lab      | Killed a minotaur
 15490 | Lab      | Reached XP level 13. HP: 82/105 MP: 12/12
 15492 | Lab      | Identified the Guide on Fiery Intoxication
 15493 | Lab      | Got a transparent golden ring
 15497 | Lab      | Identified the ring "Tyving" {*Corrode Str+4 Int+5 Dex+7} (You found it in a labyrinth)
 15500 | Lab      | Got a coiled ivory ring
 15504 | Lab      | Identified the ring of the Salmon {+Fly Int+4} (You found it in a labyrinth)
 15791 | Lair:5   | Got a translucent cloak
 15797 | Lair:5   | Identified the cursed -4 cloak of Impou {rC+ Str+3} (You found it on level 5 of the Lair of Beasts)
 15825 | Lair:5   | HP: 22/105 [eight-headed hydra (12)]
 15825 | Lair:5   | HP: 6/105 [eight-headed hydra (7)]
 15825 | Lair:5   | Killed from afar by a lindwurm

Action                   |  1- 3 |  4- 6 |  7- 9 | 10-12 | 13-15 || total
-------------------------+-------+-------+-------+-------+-------++-------
Melee: Long sword        |    62 |   183 |   433 |   249 |       ||   927
       Headbutt          |     6 |    31 |    89 |   153 |    16 ||   295
       Great sword       |       |       |       |   458 |    65 ||   523
       Quarterstaff      |       |       |       |    19 |     1 ||    20
Throw: Throwing net      |       |       |     4 |     1 |       ||     5
       Tomahawk          |       |       |       |       |     9 ||     9
Invok: Recall Ancestor   |       |       |     1 |     4 |     2 ||     7
       Ancestor Identity |       |       |     1 |       |       ||     1
       Ancestor Life: He |       |       |       |     1 |       ||     1
       Transference      |       |       |       |     1 |     1 ||     2
Evoke: Wand              |       |       |       |     2 |     2 ||     4
  Use: Scroll            |       |     6 |    10 |     6 |     1 ||    23
       Potion            |       |       |       |     8 |     1 ||     9
 Stab: Confused          |       |       |       |     9 |     1 ||    10
       Distracted        |       |       |       |     8 |     2 ||    10
  Eat: Chunk             |       |     6 |    14 |    24 |       ||    44
       Royal jelly       |       |       |     1 |       |       ||     1
       Pizza             |       |       |       |     1 |       ||     1
       Beef jerky        |       |       |       |     1 |       ||     1
Armor: Leather armour    |     8 |       |    26 |     6 |       ||    40
       Ring mail         |    10 |    56 |    67 |       |       ||   133
       Plate armour      |       |       |       |   236 |    28 ||   264
Dodge: Dodged            |    36 |    80 |   142 |   277 |    31 ||   566
